AoeStats
← Strangelyluke

African Clearing

510713863Analyzed
4v4 RM · 13h ago on Oct 2, 2026· 40m 46s· 8 players
Game mode
Random Map
Map size
Large (8 player)
Population
200
Speed
Normal
Resources
Standard
Victory
Conquest
Starting age
Dark Age
Ending age
Imperial Age
RankedLock teamsTeams togetherTeam positionsShared explorationLock speedFull tech treeHidden civsTurbo modeCheats
Victory
Defeat
🇺🇸 Persians · United States
890
+9
🇨🇳 Turks · China
783
+13
🇨🇳 Danes · China
752
+14
🇨🇳 Teutons · China
715
+16
🇹🇷 Britons · Türkiye
736
-14
🇨🇱 Bohemians · Chile
733
-14
🇫🇷 Teutons · France
694
-12
🇦🇺 Huns · Australia
689
-12
ApollonTour
5:07 Loom
19:03 Feudal Age
24:40 Castle Age
23:11 Horse Collar
23:56 Double-Bit Axe
24:11 Stone Mining
24:54 Gold Mining
26:02 Wheelbarrow
25:52 Town Watch
Mapuche Mayer
Strangelyluke
9:50 Loom
15:17 Feudal Age
20:51 Castle Age
20:10 Gold Mining
20:11 Stone Mining
20:26 Double-Bit Axe
30:51 Wheelbarrow
30:15 Horse Collar
31:51 Gold Shaft Mining
32:23 Bow Saw
32:17 Heavy Plow
32:23 Marauders
32:27 Caravan
34:15 Husbandry
34:25 Bloodlines
34:39 Scale Barding Armor
38:04 Imperial Age
37:47 Forging
37:31 Fletching
39:09 Bodkin Arrow
39:27 Padded Archer Armor
39:28 Scale Mail Armor
40:06 Light Cavalry
Fake60
7:38 Loom
16:07 Feudal Age
17:39 Double-Bit Axe
19:42 Fletching
27:13 Castle Age
25:34 Gold Mining
27:41 Crossbowman
29:06 Bodkin Arrow
28:57 Horse Collar
31:20 Pikeman
33:34 Bow Saw
猫神TRACK
14:46 Feudal Age
18:31 Castle Age
17:50 Double-Bit Axe
17:50 Horse Collar
18:07 Gold Mining
20:05 Bow Saw
23:07 Town Watch
27:20 Imperial Age
27:37 Heavy Plow
28:16 Gold Shaft Mining
27:49 Padded Archer Armor
34:29 Town Patrol
35:04 Wheelbarrow
34:15 Loom
35:24 Wheelbarrow
1213350746
16:40 Feudal Age
17:49 Double-Bit Axe
21:26 Castle Age
20:19 Horse Collar
20:34 Gold Mining
23:52 Bow Saw
24:16 Forging
24:27 Heavy Plow
28:33 Stone Mining
32:00 Squires
33:13 Stone Shaft Mining
34:55 Iron Casting
34:22 Scale Mail Armor
34:30 Scale Barding Armor
40:22 Bloodlines
40:54 Wheelbarrow
40:49 Chain Mail Armor
40:55 Chain Barding Armor
hibiki
15:07 Feudal Age
16:55 Double-Bit Axe
16:53 Horse Collar
23:49 Castle Age
22:40 Wheelbarrow
33:48 Bow Saw
33:45 Heavy Plow
36:08 Squires
35:54 Gambesons
36:25 Scale Mail Armor
36:37 Forging
39:31 Wheelbarrow
41:05 Chain Mail Armor
DATINGSA
4:12 Loom
13:40 Feudal Age
18:27 Castle Age
16:35 Double-Bit Axe
17:41 Horse Collar
17:55 Stone Mining
22:01 Bow Saw
22:35 Bow Saw
25:15 Wheelbarrow
28:37 Scale Barding Armor
28:37 Husbandry
29:46 Chain Barding Armor
29:45 Heavy Plow
32:10 Gold Mining
32:41 Hand Cart
33:39 Forging
33:41 Bloodlines
36:56 Imperial Age
36:31 Cavalier
38:30 Two-Man Saw
38:01 Crop Rotation
36:56 Capped Ram
38:18 Plate Barding Armor
38:19 Iron Casting
37:52 Savar
39:01 Conscription
38:20 Siege Ram
41:46 Blast Furnace
Connection lost

Rejoining the realm…

Still unreachable

The connection could not be restored.

Session expired

The server has moved on; the page needs a fresh start.